 Dungeon Crawl Stone Soup version 0.30.1-3-gfc49f6343a (webtiles) character file.

Game seed: 13071239705844557389

18585 Anriel the Myrmidon (level 12, -15/72 HPs)
             Began as a Gargoyle Gladiator on July 27, 2023.
             Was an Elder of Okawaru.
             Demolished by Frances
             ... wielding a +0 battleaxe
              (16 damage)
             ... on level 12 of the Dungeon.
             The game lasted 01:19:56 (12885 turns).

Anriel the Myrmidon (Gargoyle Gladiator)           Turns: 12885, Time: 01:19:57

Health: -15/72     AC: 29    Str: 23    XL:     12   Next: 60%
Magic:  0/28       EV:  8    Int:  9    God:    Okawaru [****..]
Gold:   1311       SH:  0    Dex: 11    Spells: 11/11 levels left

rFire   x . .        J - +0 dire flail
rCold   + . .        (shield currently unavailable)
rNeg    + . .        k - +0 crystal plate armour
rPois   ∞            h - +2 helmet
rElec   +            n - +1 cloak
rCorr   .            y - +2 pair of gloves {hurl}
SInv    .            x - +0 pair of boots
Will    .....        e - amulet of guardian spirit Stlth
                     m - ring of magical power
HPRegen 0.32/turn    g - ring of ice
MPRegen 0.21/turn

%: guardian spirit
@: about to teleport, heroic, finesse-ful, corroded
A: sickness immunity, AC +8, negative energy resistance 1, electricity
resistance, torment resistance 1, petrification resistance
a: Renounce Religion, Heroism, Finesse


You were on level 12 of the Dungeon.
You worshipped Okawaru.
Okawaru was greatly pleased with you.
You visited 2 branches of the dungeon, and saw 13 of its levels.
You also visited: Sewer and Bailey.

You collected 1776 gold pieces.
You spent 465 gold pieces at shops.

Inventory:

Hand Weapons
 f - the +10 quarterstaff of Tartarus {heavy, *Corrode rPois MP+9 Int+8}
   (You found it on level 11 of the Dungeon)

   Int:       It affects your intelligence (+8).
   rPois:     It protects you from poison.
   MP:        It affects your magic capacity (+9).
   *Corrode:  It may corrode you when you take damage.
 r - a +4 arbalest of draining
 D - the +0 spear "Giantslayer" {protect, rN+ rCorr Dex-5}
   (You found it on level 6 of the Dungeon)

   Dex:       It affects your dexterity (-5).
   rN:        It protects you from negative energy.
   rCorr:     It protects you from acid and corrosion.
 I - a +2 flail of protection
 J - a +0 dire flail (weapon)
Missiles
 a - 4 silver boomerangs (quivered)
 b - 20 javelins
 d - 2 boomerangs of dispersal
Armour
 h - a +2 helmet (worn)
 k - a +0 crystal plate armour (worn)
 n - a +1 cloak (worn)
 x - a +0 pair of boots (worn)
 y - a +2 pair of gloves of hurling (worn)
 F - +0 acid dragon scales
Jewellery
 e - an amulet of guardian spirit (around neck)
 g - a ring of ice (right hand)
 m - a ring of magical power (left hand)
 s - an amulet of reflection
Wands
 l - a wand of polymorph (3)
 q - a wand of flame (45)
 z - a wand of iceblast (3)
 K - a wand of digging (4)
Scrolls
 j - 3 scrolls of teleportation
 o - 3 scrolls of fog
 u - 2 scrolls of magic mapping
 A - 4 scrolls of enchant weapon
Potions
 i - 4 potions of cancellation
 p - 6 potions of curing
 t - 2 potions of resistance
 v - a potion of flight
 w - 4 potions of brilliance
 E - a potion of might {unknown}
 G - a potion of magic
Miscellaneous
 H - a piece from Xom's chessboard (15/15)


   Skills:
 - Level 7.0(12.0) Fighting
 * Level 8.7(13.7) Maces & Flails
 - Level 7.2(12.2) Throwing
 + Level 7.4(12.4) Armour
 + Level 7.6(12.6) Dodging
 - Level 10.0 Invocations
 - Level 7.0 Evocations


You had 11 spell levels left.
You didn't know any spells.
Your spell library contained the following spells:

 Spells                   Type           Power      Damage    Failure   Level
 Shock                    Conj/Air       0%         1d3       100%        1
 Gell's Gravitas          Tloc           0%         N/A       100%        3
 Portal Projectile        Hex/Tloc       0%         N/A       100%        3
 Swiftness                Air            0%         N/A       100%        3
 Teleport Other           Tloc           0%         N/A       100%        3
 Airstrike                Air            0%         2d(0-16)  100%        4
 Leda's Liquefaction      Hex/Erth       0%         N/A       100%        4
 Manifold Assault         Tloc           0%         N/A       100%        4
 Passage of Golubria      Tloc           0%         N/A       100%        4
 Yara's Violent Unravell  Hex/Tmut       0%         3d3       100%        5
 Dispersal                Tloc           0%         N/A       100%        6
 Disjunction              Tloc           0%         N/A       100%        8
 Call Canine Familiar     Summ           Unusable   N/A       N/A         3
 Tukima's Dance           Hex            Unusable   N/A       N/A         3

Dungeon Overview and Level Annotations

Branches:
Dungeon (12/15)            Temple (1/1) D:7            Lair (0/5) D:10
    Orc (0/2) D:11          Sewer (visited)          Bailey (visited)

Altars:
Ashenzari
Cheibriados
Dithmenos
Elyvilon
Fedhas
Gozag
Hepliaklqana
Kikubaaqudgha
Makhleb
Nemelex Xobeh
Okawaru
Qazlal
Ru
Sif Muna
Trog
Uskayaw
Vehumet
Wu Jian
Xom
Yredelemnul
Zin
The Shining One

Shops:
D:11 !

Annotations:
D:12 Frances


Innate Abilities, Weirdness & Mutations

You are immune to sickness and miasma.
Your stone body is resilient. (AC +8)
You are immune to poison.
You resist negative energy. (rN+)
You are resistant to electric shocks. (rElec)
You are resistant to unholy torment.
You are immune to petrification.


Message History

The large slime creature attacks as you move away!
The large slime creature hits you but does no damage.
A large slime creature splits.
The slime creature attacks as you move away!
The slime creature closely misses you.
Two slime creatures merge to form a large slime creature.
Frances chants phrases taken from a devil's mouth.
Two slime creatures merge to form a very large slime creature.
The sun demon hits you but does no damage.
The sun demon attacks as you move away! The sun demon hits you!
You are engulfed in flames!!
The fire burns you terribly!
* * * LOW HITPOINT WARNING * * *
The sun demon hits you but does no damage.
Okay, then.
As you read the scroll of teleportation, it crumbles to dust.
You feel strangely unstable. The sun demon barely misses you.
The sun demon hits you but does no damage.
The sun demon attacks as you move away!
The sun demon hits you but does no damage.
Frances mutters in a terrible tongue.
The shard of ice hits you!! You partially resist.
* * * LOW HITPOINT WARNING * * *
The sun demon attacks as you move away! The sun demon barely misses you.
Your surroundings suddenly seem different.
The rust devil hits you. The rust devil corrodes you!
Okay, then.
Okay, then.
As you read the scroll of teleportation, it crumbles to dust.
You feel strangely unstable. The sun demon barely misses you.
The rust devil hits you.
* * * LOW HITPOINT WARNING * * *
The rust devil corrodes you!
The sun demon hits you but does no damage.
Two slime creatures merge to form a large slime creature.
The rust devil attacks as you move away!
The rust devil hits you.
* * * LOW HITPOINT WARNING * * *
The rust devil corrodes you! Frances hits you but does no damage.
Frances hits you with a +0 battleaxe!
You die...

.......#.............#......##
......####...........##.....#####
##.....)#............##.....##..#
##.........................#....#
#...................##...........
.........##....#.......##......##
..#..))#####...........#......##
.##.##)## #..................##
.....#[.##...#.#@3......#....#
..#..#)......###4@....###....##
###........#.....3............#
.##...)....###...JJ.###.......##
...........###......###........#
....................##.........##
.................................
.................#...............
................###...........##.


You could see Frances (fast), a large slime creature, a slime creature, 2 sun
demons and a rust devil (summoned).

Vanquished Creatures
  Fannar (D:11)
  Erolcha (D:11)
  A boulder beetle (D:11)
  A two-headed ogre (D:9)
  Sonja (D:11)
  Nergalle (D:12)
  An orc knight (D:11)
  A cyclops (D:11)
  Maurice (D:8)
  Joseph (D:9)
  A black mamba (shapeshifter) (D:11)
  Maggie (D:7)
  A komodo dragon (D:12)
  Psyche (D:9)
  2 trolls
  A raiju (shapeshifter) (D:11)
  9 slime creatures
  A vampire (D:11)
  13 yaks
  2 wyverns
  11 vampire mosquitoes
  2 wargs (D:9)
  2 acid dragons
  2 water moccasins
  Duvessa (D:7)
  3 sky beasts (D:7)
  16 orc warriors
  An ice beast (D:6)
  3 ogres
  11 centaurs
  2 phantoms (D:5)
  A kobold brigand (D:5)
  2 scorpions
  3 bullfrogs
  4 gnoll sergeants
  3 wights (D:7)
  Dowan (D:7)
  8 killer bees
  7 howler monkeys
  9 orc priests
  Crazy Yiuf (D:3)
  A hound (D:7)
  4 jellies
  3 gnoll boudas
  Ijyb (D:3)
  Natasha (thrice) (D:3)
  An iguana (D:6)
  10 orc wizards
  33 gnolls
  15 adders
  5 river rats
  A white imp (D:5)
  2 ufetubi
  3 worms (D:3)
  2 dart slugs (D:2)
  49 orcs
  8 endoplasms
  5 giant cockroaches
  6 goblins
  6 hobgoblins
  11 jackals
  5 quokkas
  5 ball pythons
  8 bats
  14 frilled lizards
  14 kobolds
  16 rats
366 creatures vanquished.

Vanquished Creatures (others)
  A killer bee (D:9)
  2 orcs
3 creatures vanquished.

Grand Total: 369 creatures vanquished

Notes
Turn   | Place    | Note
-------+----------+-------------------------------------------
     0 | D:1      | Anriel the Gargoyle Gladiator began the quest for the Orb.
     0 | D:1      | Reached XP level 1. HP: 12/12 MP: 1/1
   265 | D:1      | Reached skill level 1 in Armour
   281 | D:1      | Reached XP level 2. HP: 18/18 MP: 2/2
   776 | D:1      | Reached XP level 3. HP: 22/22 MP: 3/3
   982 | D:2      | Reached XP level 4. HP: 28/28 MP: 4/4
  1572 | D:2      | Found a shimmering altar of Xom.
  1713 | D:3      | Noticed Natasha
  1727 | D:3      | Killed Natasha
  1728 | D:3      | Reached XP level 5. HP: 26/32 MP: 5/5
  1902 | D:3      | Reached XP level 6. HP: 29/38 MP: 6/6
  1910 | D:3      | Found a glowing drain.
  1948 | Sewer    | Entered a sewer
  2432 | D:3      | Noticed Natasha
  2438 | D:3      | Killed Natasha
  2612 | D:3      | Found a runed translucent door.
  2613 | D:3      | Noticed Crazy Yiuf
  2620 | D:3      | Killed Crazy Yiuf
  2886 | D:3      | Found a radiant altar of Vehumet.
  2992 | D:3      | Noticed Ijyb
  2993 | D:3      | Paralysed by Ijyb for 4 turns
  3002 | D:3      | Paralysed by Ijyb for 2 turns
  3011 | D:3      | Killed Ijyb
  3050 | D:3      | Noticed Natasha
  3066 | D:3      | Killed Natasha
  3067 | D:3      | Reached XP level 7. HP: 26/44 MP: 7/7
  3213 | D:4      | Reached skill level 5 in Fighting
  3878 | D:4      | Found an opulent altar of Gozag.
  3943 | D:5      | Entered Level 5 of the Dungeon
  3964 | D:5      | Found a hazy altar of Hepliaklqana.
  4115 | D:5      | Reached skill level 5 in Maces & Flails
  4160 | D:5      | Reached XP level 8. HP: 23/49 MP: 8/8
  4173 | D:5      | Reached skill level 5 in Armour
  4306 | D:5      | Reached skill level 1 in Evocations
  5287 | D:6      | Reached XP level 9. HP: 54/54 MP: 9/9
  5323 | D:6      | Identified the +0 spear "Giantslayer" {protect, rN+ rCorr
                  | Dex-5}
  5668 | D:6      | Found a shadowy altar of Dithmenos.
  5668 | D:6      | Found a broken altar of Ashenzari.
  5759 | D:7      | Noticed Maggie
  5794 | D:7      | Killed Maggie
  5795 | D:7      | Reached skill level 5 in Dodging
  5795 | D:7      | Reached skill level 5 in Evocations
  5867 | D:7      | Found a shimmering blue altar of Sif Muna.
  5876 | D:7      | Noticed Duvessa
  5876 | D:7      | Noticed Dowan
  5888 | D:7      | Killed Duvessa
  5897 | D:7      | Killed Dowan
  5947 | D:7      | Reached skill level 5 in Throwing
  5989 | D:7      | Found a staircase to the Ecumenical Temple.
  6003 | Temple   | Entered the Ecumenical Temple
  6417 | D:7      | Found a snail-covered altar of Cheibriados.
  6417 | D:7      | Found a sparkling altar of Nemelex Xobeh.
  6418 | D:7      | Found a hide-covered altar of Uskayaw.
  6532 | D:8      | Noticed a troll
  6544 | D:8      | Killed a troll
  6569 | D:8      | Noticed Maurice
  6621 | D:8      | Killed Maurice
  6622 | D:8      | Reached XP level 10. HP: 36/59 MP: 10/10
  7267 | D:8      | Found an iron altar of Okawaru.
  7300 | D:8      | Became a worshipper of Warmaster Okawaru
  7448 | D:8      | Identified a scroll of acquirement
  7448 | D:8      | Acquired 789 gold pieces
  7540 | D:9      | Found a flagged portal.
  7548 | Bailey   | Entered a bailey
  7614 | Bailey   | Reached skill level 1 in Invocations
  7761 | Bailey   | Reached skill level 2 in Invocations
  7863 | Bailey   | Reached * piety under Okawaru
  7864 | Bailey   | Reached skill level 3 in Invocations
  8084 | Bailey   | Reached skill level 4 in Invocations
  8307 | Bailey   | Reached ** piety under Okawaru
  8330 | Bailey   | Reached skill level 5 in Invocations
  9065 | D:9      | Noticed Joseph
  9092 | D:9      | Killed Joseph
  9093 | D:9      | Reached XP level 11. HP: 22/63 MP: 7/15
  9320 | D:9      | Noticed Psyche
  9326 | D:9      | Noticed a two-headed ogre
  9331 | D:9      | Killed a two-headed ogre
  9331 | D:9      | Reached *** piety under Okawaru
  9348 | D:9      | Killed Psyche
  9589 | D:9      | Found a basalt altar of Yredelemnul.
  9780 | D:10     | Entered Level 10 of the Dungeon
  9790 | D:10     | Reached skill level 6 in Invocations
  9928 | D:9      | Reached **** piety under Okawaru
 10355 | D:10     | Found a staircase to the Lair.
 10904 | D:11     | Received a gift from Okawaru
 10960 | D:11     | Noticed an orc knight
 10963 | D:11     | Noticed a cyclops
 10975 | D:11     | Reached skill level 7 in Invocations
 10982 | D:11     | Killed a cyclops
 10984 | D:11     | Killed an orc knight
 10984 | D:11     | Received a gift from Okawaru
 11037 | D:11     | Found a staircase to the Orcish Mines.
 11127 | D:11     | Noticed Fannar
 11153 | D:11     | Killed Fannar
 11154 | D:11     | Reached skill level 8 in Invocations
 11154 | D:11     | Reached XP level 12. HP: 16/72 MP: 4/18
 11403 | D:11     | Identified the +10 quarterstaff of Tartarus {heavy,
                  | *Corrode rPois MP+9 Int+8}
 11409 | D:11     | Found a hazy altar of Hepliaklqana.
 11480 | D:11     | Noticed Erolcha
 11486 | D:11     | Noticed a boulder beetle
 11489 | D:11     | Killed Erolcha
 11515 | D:11     | Killed a boulder beetle
 11564 | D:11     | Found Gierail's Distillery.
 11599 | D:11     | Bought a potion of heal wounds for 75 gold pieces
 11599 | D:11     | Bought a potion of cancellation for 120 gold pieces
 11599 | D:11     | Bought a potion of resistance for 150 gold pieces
 11599 | D:11     | Bought a potion of magic for 120 gold pieces
 11637 | D:11     | Noticed Sonja
 11641 | D:11     | Killed Sonja
 11683 | D:11     | Reached skill level 9 in Invocations
 12095 | D:12     | Noticed Nergalle
 12110 | D:12     | Killed Nergalle
 12110 | D:12     | Received a gift from Okawaru
 12317 | D:11     | Reached skill level 10 in Invocations
 12841 | D:12     | Noticed Frances
 12864 | D:12     | Noticed a sun demon
 12874 | D:12     | Noticed a sun demon
 12880 | D:12     | HP: 2/72 [Frances/shard of ice (14)]
 12885 | D:12     | HP: 1/72 [rust devil[Frances] (2)]
 12885 | D:12     | Demolished by Frances

Illustrated notes

Levels and vault maps discovered:
D:1:      zelgadis_glass_arrival_small, layout_basic,
          nicolae_figureground_sparkle
D:2:      layout_loops_corners, basic_altar
D:3:      layout_basic, mainiacjoe_overflow_paths, lightli_sewer_entry_pipes,
          uniq_crazy_yiuf_cottage, uniq_natasha, uniq_ijyb
D:4:      layout_basic, nicolae_gozag_cash_rules_everything_around_me,
          minmay_misc_feat_columns, grunt_decor_one_mirror
D:5:      layout_loops_ring, mainiacjoe_overflow_cross_hatched,
          grunt_decor_resistance, kennysheep_potato
D:6:      layout_basic, gammafunk_temple_overflow_statue
D:7:      layout_rooms, mainiacjoe_overflow_tiny_flanked,
          nicolae_overflow_hidden_temple, minmay_temple_entry_drinking_statues,
          uniq_duvessa, uniq_maggie
D:8:      layout_basic, okawaru_gym_becter, uniq_maurice
D:9:      layout_cave_pools, lemuel_crystal_altar, serial_column_ruins,
          column_ruins_square_medium, column_ruins_corridor_dead_end,
          column_ruins_open_small, column_ruins_columns_straight,
          enter_bailey_2, uniq_psyche, uniq_joseph
D:10:     layout_cave_pools, erik_lair_orcish_takeover, lemuel_flame_loot_1
D:11:     minmay_bloctagon_deflated, layout_basic, david_orc_3, serial_shops,
          nicolae_shop_industrial_runoff, dreamdust_wishing_well,
          worldfamousw_hep_ancestral_shrine, uniq_sonja, uniq_erolcha,
          uniq_fannar
D:12:     layout_cave_pools, lightli_minifort, uniq_frances, uniq_nergalle
Temple:   chequers_temple_sunken

Skill      XL: |  1  2  3  4  5  6  7  8  9 10 11 12 |
---------------+-------------------------------------+-----
Armour         | 1 2 3 4 5 6 7 |  7.4
Fighting       | 3 4 5 7 |  7.0
Dodging        | 3 4 5 6 7 |  7.6
Throwing       | 2 3 4 5 6 7 |  7.2
Maces & Flails | 4 5 7 8 |  8.7
Evocations     | 3 5 6 7 |  7.0
Invocations    | 5 8 10 | 10.0

Action                     |  1- 3 |  4- 6 |  7- 9 | 10-12 || total
---------------------------+-------+-------+-------+-------++-------
  Melee: Flail             |    79 |   357 |   355 |   780 ||  1571
         Punch             |       |     4 |     7 |    10 ||    21
         Dire flail        |       |       |       |    14 ||    14
  Throw: Javelin           |     1 |     3 |     8 |   114 ||   126
         Boomerang         |       |       |    52 |    16 ||    68
         Throwing net      |       |       |     5 |     2 ||     7
 Invoke: Heroism           |       |       |       |     5 ||     5
         Finesse           |       |       |       |     5 ||     5
  Evoke: Wand              |       |       |       |    16 ||    16
    Use: Scroll            |     4 |     4 |     6 |    15 ||    29
         Potion            |       |       |     9 |     8 ||    17
   Stab: Held in net/web   |       |       |       |     4 ||     4
 Armour: Leather armour    |     8 |       |       |       ||     8
         Chain mail        |    47 |   263 |   303 |   655 ||  1268
         Plate armour      |       |       |       |    95 ||    95
         Crystal plate arm |       |       |       |   266 ||   266
  Dodge: Dodged            |    56 |   200 |   223 |   658 ||  1137
